 Dungeon Crawl Stone Soup version 0.29-a0-286-g41199d4a87 (webtiles) character file.

Game seed: 8340540293745723966

31 Dabor the Shield-Bearer (level 3, -11/24 HPs)
             Began as a Gargoyle Fighter on Mar 16, 2022.
             Mangled by a shadow (27 damage)
             ... created by the darkness of Dithmenos
             ... on level 2 of the Dungeon.
             The game lasted 00:00:53 (1322 turns).

Dabor the Shield-Bearer (Gargoyle Fighter)          Turns: 1322, Time: 00:00:54

Health: -11/24     AC: 10    Str: 21    XL:     3   Next: 22%
Magic:  3/3        EV:  9    Int:  8    God:
Gold:   10         SH:  4    Dex:  9    Spells: 2/2 levels left

rFire   . . .      SeeInvis .   a - +0 flail
rCold   . . .      Faith    .   c - +0 buckler
rNeg    + . .      Spirit   .   b - +0 scale mail
rPois   ∞          Reflect  .   (no helmet)
rElec   +          Harm     .   (no cloak)
rCorr   .          Rampage  .   (no gloves)
Will    .....                   (no boots)
Stlth   ..........              (no amulet)
HPRegen 0.08/turn               (no ring)
MPRegen 0.08/turn               (no ring)

@: no status effects
A: sickness immunity, AC +3, negative energy resistance 1, electricity
resistance, torment resistance 1, petrification resistance
a: no special abilities


You were on level 2 of the Dungeon.
You visited 1 branch of the dungeon, and saw 2 of its levels.

You collected 10 gold pieces.

Inventory:

Hand Weapons
 a - a +0 flail (weapon)
Missiles
 m - 4 atropa-tipped darts (quivered)
Armour
 b - a +0 scale mail (worn)
 c - a +0 buckler (worn)
Scrolls
 e - 3 scrolls of teleportation {unknown}
 g - a scroll of enchant armour {unknown}
 h - 2 scrolls of identify {unknown}
 j - a scroll of amnesia {unknown}
 l - a scroll of summoning {unknown}
Potions
 d - 2 potions of might
 f - a potion of degeneration {unknown}
 i - 4 potions of curing {unknown}
 k - a potion of mutation {unknown}


   Skills:
 + Level 3.6 Fighting
 + Level 2.4 Maces & Flails
 + Level 3.7 Armour
 + Level 3.7 Shields


You had 2 spell levels left.
You didn't know any spells.
Your spell library contained the following spells:

 Spells                   Type           Power      Damage    Failure   Level
 Beastly Appendage        Tmut           0%         N/A       83%         1
 Wereblood                Tmut           0%         N/A       93%         2
 Spider Form              Tmut/Pois      0%         N/A       99%         3


Dungeon Overview and Level Annotations

Branches:
Dungeon (2/15)

Altars:
Dithmenos


Innate Abilities, Weirdness & Mutations

You are immune to sickness and miasma.
Your stone body is resilient. (AC +3)
You are immune to poison.
You resist negative energy. (rN+)
You are resistant to electric shocks. (rElec)
You are resistant to unholy torment.
You are immune to petrification.


Message History

You see here 3 boomerangs.
A frilled lizard comes into view.
The frilled lizard hisses angrily.
A goblin comes into view. It is wielding a +0 dagger.
There are monsters nearby!
The goblin shouts!
A ball python comes into view.
The frilled lizard closely misses you.
You closely miss the frilled lizard. The frilled lizard bites you.
The ball python bites you but does no damage.
The ball python barely misses you.
You sock the ball python!
You kill the ball python!
You block the frilled lizard's attack.
You closely miss the goblin. The goblin closely misses you.
The frilled lizard barely misses you. The goblin hits you with a +0 dagger.
You block the frilled lizard's attack.
Dithmenos calls forth shadows to punish you. 3 shadows come into view.
You barely miss the goblin. The goblin hits you but does no damage.
The frilled lizard barely misses you.
You closely miss the goblin.
The frilled lizard bites you but does no damage.
The goblin hits you but does no damage.
You hit the shadow.
The shadow is lightly damaged.
The goblin hits you but does no damage. You block the frilled lizard's attack.
The shadow slips into darkness.
The shadow flickers and vanishes!
Deactivating autopickup; reactivate with Ctrl-A.
The shadow hits you.
The shadow slips into darkness.
The shadow flickers and vanishes!
The goblin hits you but does no damage.
The frilled lizard unfolds its giant frill.
The frilled lizard closely misses you.
You closely miss the shadow.
The shadow is lightly damaged.
The shadow strikes at you from the darkness!
Ouch! That really hurt!
You die...

..# .# #.# .# .
#.##.##. .. .......
#.. ##.#..#### #.#
##......... #.#
#.gl...#### #.#
#.W@......# #.#
#.{{...##.#
#.#####.....#
#.<......#..#
...####.######....#
#.....)# ##.#.#
...####.# #.#.# #.#
#.#.# #=# #.#.#


You could see a shadow, a goblin and a frilled lizard.

Vanquished Creatures
  A dart slug (D:1)
  2 ball pythons
  3 bats (D:1)
  4 endoplasms (D:1)
  A giant cockroach (D:1)
  4 goblins (D:1)
  3 hobgoblins (D:1)
  A quokka (D:1)
  A frilled lizard (D:1)
  4 kobolds (D:1)
  2 rats (D:1)
26 creatures vanquished.

Notes
Turn   | Place    | Note
-------+----------+-------------------------------------------
     0 | D:1      | Dabor the Gargoyle Fighter began the quest for the Orb.
     0 | D:1      | Reached XP level 1. HP: 14/14 MP: 1/1
   111 | D:1      | Reached XP level 2. HP: 13/19 MP: 2/2
   305 | D:1      | Found a faded altar of an unknown god.
   488 | D:1      | Prayed at the altar of an unknown god.
   488 | D:1      | Became a worshipper of Dithmenos the Shadowed
   488 | D:1      | Reached * piety under Dithmenos
   489 | D:1      | Fell from the grace of Dithmenos
   930 | D:1      | Reached XP level 3. HP: 23/23 MP: 3/3
  1319 | D:2      | Noticed a shadow
  1319 | D:2      | Noticed a shadow
  1319 | D:2      | Noticed a shadow
  1322 | D:2      | Mangled by a shadow

Illustrated notes

Levels and vault maps discovered:
D:1:      psy_arrival_fountain, layout_basic, chequers_ecumenical_altar_lobes
D:2:      layout_loops_ring, chequers_serial_rivers_small_b,
          minmay_misc_feat_doors, uniq_natasha

Action                   || total
-------------------------++-------
Melee: Flail             ||    77
Invok: Renounce Religion ||     1
Armor: Scale mail        ||    41
Dodge: Dodged            ||    37
Block: Buckler           ||    12

Table legend: (Time is in decaauts)
 A = Elapsed time spent in this place.
 B = Non-inter-level travel time spent in this place.
 C = Inter-level travel time spent in this place.
 D = Time resting spent in this place.
 E = Time spent auto-exploring this place.
 F = Levels seen in this place.
 G = Mean time per level.
                   A        B        C        D        E       F      G
               +--------+--------+--------+--------+--------+-----+--------+
         Total |   1346 |   1223 |    123 |      0 |   1027 |   2 |  673.0 |
       Dungeon |   1346 |   1223 |    123 |      0 |   1027 |   2 |  673.0 |
               +--------+--------+--------+--------+--------+-----+--------+

Top non-repeatable levels by time:
     D:1: 1292 daAuts
     D:2: 54 daAuts
